 Dungeon Crawl Stone Soup version 0.31-a0-1074-g0b22e4e0f1 (webtiles) character file.

Game seed: 9530627222676797497

77 voltaire321 the Chopper (level 4, 34/34 HPs)
             Began as a Demonspawn Gladiator on Nov 23, 2023.
             Quit the game on level 2 of the Dungeon on Nov 27, 2023.
             The game lasted 00:03:45 (1476 turns).

voltaire321 the Chopper (Demonspawn Gladiator)      Turns: 1476, Time: 00:03:46

Health: 34/34      AC:  3    Str: 17    XL:     4   Next: 14%
Magic:  4/4        EV: 12    Int:  9    God:
Gold:   104        SH:  4    Dex: 14    Spells: 3/3 levels left

rFire   . . .        a - +0 war axe
rCold   . . .        l - +0 buckler
rNeg    . . .        b - +0 leather armour
rPois   .            (helmet restricted)
rElec   .            (no cloak)
rCorr   .            (no gloves)
SInv    .            (no boots)
Will    .....        (no amulet)
Stlth   +            (no ring)
HPRegen 0.25/turn    (no ring)
MPRegen 0.18/turn

%: no passive effects
@: no status effects
A: horns 1, powered by death 1, magic regeneration
a: no special abilities


You were on level 2 of the Dungeon.
You visited 1 branch of the dungeon, and saw 2 of its levels.

You collected 104 gold pieces.

Inventory:

Hand Weapons
 a - a +0 war axe (weapon)
Missiles
 d - 3 throwing nets (quivered)
 e - a javelin
Armour
 b - a +0 leather armour (worn)
 l - a +0 buckler (worn)
 n - the +2 robe of Leapfrog {rPois rCorr}
   (You found it on level 2 of the Dungeon)

   rPois:     It protects you from poison rCorr: It protects you from acid and
   corrosion.
Scrolls
 c - a scroll of summoning {unknown}
 f - a scroll of noise {unknown}
 g - a scroll of poison {unknown}
 h - a scroll of immolation {unknown}
 i - a scroll of enchant armour {unknown}
 j - a scroll of revelation {unknown}
 k - a scroll of teleportation {unknown}
Potions
 m - a potion of curing {unknown}


   Skills:
 + Level 2.6 Fighting
 * Level 3.3 Axes
 + Level 2.2 Throwing
 + Level 1.1 Armour
 + Level 3.1 Dodging


You had 3 spell levels left.
You didn't know any spells.
Your spell library contained the following spells:

 Spells                   Type           Power      Damage    Failure   Level
 Sublimation of Blood     Necr           0%         N/A       69%         2
 Wereblood                Tmut           0%         N/A       69%         2
 Irradiate                Conj/Tmut      0%         3d11      100%        5
 Summon Hydra             Summ           0%         N/A       100%        7


Dungeon Overview and Level Annotations

Branches:
Dungeon (2/15)

Altars:

Shops:
D:1 :


Innate Abilities, Weirdness & Mutations

You have a pair of small horns on your head.
You regenerate a little health from kills.
You regenerate magic rapidly.


Message History

The dart slug closely misses you.
You hit the dart slug.
The dart slug is almost dead.
The dart slug bites you.
You slash the dart slug!
You kill the dart slug!
You see here a dart slug corpse.
You see here the +2 robe of Leapfrog {rPois rCorr}.
n - the +2 robe of Leapfrog {rPois rCorr}
Found 2 stones.
You now have 96 gold pieces (gained 7).
You see here a +0 spear.
Found a stone staircase leading up.
There is a stone staircase leading up here.
A goblin comes into view. It is wielding a +0 club.
Found a stone staircase leading down.
The goblin shouts!
The goblin hits you but does no damage.
You closely miss the goblin. The goblin barely misses you.
You closely miss the goblin. The goblin hits you but does no damage.
You closely miss the goblin.
An endoplasm comes into view.
The goblin barely misses you. You block the goblin's attack.
You closely miss the goblin. Your headbutt misses the goblin.
The goblin barely misses you.
You closely miss the goblin. The goblin misses you.
You slash the goblin!
You kill the goblin!
The endoplasm barely misses you.
You slash the endoplasm!
You kill the endoplasm!
You see here a +0 club.
You now have 104 gold pieces (gained 8).
You pick up a book of Changes and begin reading...
You add the spell Irradiate to your library.
Found a robe.
There is a stone staircase leading down here.
Done exploring.
Done exploring.
Are you sure you want to abandon this character and quit the game? (Confirm with "yes".)

#.##.......####..........#..†...#
#.########...#..########........#
#..<.#######.).## #........#
#.##....#####...### ###........#
#.#####...###.#...####..........#
#.# ###.....###......##.......#
#.# ####.># #..###.###....... #.#
#....###.## #.# #......# #.#
##.##...@..###.####...### #.#
#..#####.#...#..####..### #.#
#.#......###.......#..... #.##
###.#......#####.###....†.. #..#
##...#........###.######.... ##.#
#..###......#...#...........
##.###.## #......###...####..#...
.#)##..###############...##....†.
.................................


There were no monsters in sight!

Vanquished Creatures
  A gnoll (D:1)
  An adder (D:2)
  A dart slug (D:2)
  5 ball pythons (D:1)
  8 bats
  5 endoplasms
  A giant cockroach (D:1)
  6 goblins
  4 hobgoblins
  5 jackals
  4 quokkas
  A frilled lizard (D:2)
  5 kobolds
  2 rats (D:1)
49 creatures vanquished.

Notes
Turn   | Place    | Note
-------+----------+-------------------------------------------
     0 | D:1      | voltaire321 the Demonspawn Gladiator began the quest for
                  | the Orb.
     0 | D:1      | Reached XP level 1. HP: 16/16 MP: 1/1
     0 | D:1      | Upgraded the game from 0.31-a0-986-g5e6e4ef867 to
                  | 0.31-a0-1074-g0b22e4e0f1
    11 | D:1      | Found a faded altar of an unknown god.
    82 | D:1      | Gained mutation: You regenerate a little health from kills.
                  | [demonic ancestry]
    82 | D:1      | Reached XP level 2. HP: 19/22 MP: 2/2
   375 | D:1      | Gained mutation: You have a pair of small horns on your
                  | head. [demonic ancestry]
   375 | D:1      | Reached XP level 3. HP: 28/28 MP: 3/3
   377 | D:1      | Found Xuqoz's Book Boutique.
  1011 | D:2      | Reached skill level 1 in Armour
  1249 | D:2      | Gained mutation: You regenerate magic rapidly. [demonic
                  | ancestry]
  1249 | D:2      | Reached XP level 4. HP: 34/34 MP: 4/4
  1298 | D:2      | Identified the +2 robe of Leapfrog {rPois rCorr}
  1476 | D:2      | Quit the game

Illustrated notes

Levels and vault maps discovered:
D:1:      wander_arrival_peaceful_grave, layout_basic, serial_shops, shop,
          nicolae_ecumenical_snake_handling, grunt_decor_resistance,
          minmay_surrounded
D:2:      layout_rooms

Skill      XL: |  1  2  3 |
---------------+----------+-----
Throwing       | 2 |  2.2
Axes           | 3 |  3.3
Dodging        | 3 |  3.1
Armour         | 1 |  1.1
Fighting       | |  2.6

Action                     |  1- 3 |  4- 6 || total
---------------------------+-------+-------++-------
  Melee: War axe           |   109 |    17 ||   126
         Headbutt          |     5 |     3 ||     8
 Armour: Leather armour    |    91 |     6 ||    97
  Dodge: Dodged            |   105 |    13 ||   118
  Block: Buckler           |     6 |     3 ||     9

Table legend: (Time is in decaauts)
 A = Elapsed time spent in this place.
 B = Non-inter-level travel time spent in this place.
 C = Inter-level travel time spent in this place.
 D = Time resting spent in this place.
 E = Time spent auto-exploring this place.
 F = Levels seen in this place.
 G = Mean time per level.
                   A        B        C        D        E       F      G
               +--------+--------+--------+--------+--------+-----+--------+
         Total |   1522 |   1489 |     33 |    100 |   1006 |   2 |  761.0 |
       Dungeon |   1522 |   1489 |     33 |    100 |   1006 |   2 |  761.0 |
               +--------+--------+--------+--------+--------+-----+--------+

Top non-repeatable levels by time:
     D:1: 1034 daAuts
     D:2: 488 daAuts
